 Dungeon Crawl Stone Soup version 0.30-a0-23-ge60ba3568b (webtiles) character file.

Game seed: 4647154596701645426

65 AttackTheMoon the Ducker (level 3, 0/20 HPs)
             Began as a Spriggan Berserker on Aug 24, 2022.
             Was a Believer of Trog.
             Slain by an orc priest
             ... wielding a +0 falchion
              (7 damage)
             ... on level 3 of the Dungeon.
             The game lasted 00:02:05 (1839 turns).

AttackTheMoon the Ducker (Spriggan Berserker)       Turns: 1839, Time: 00:02:05

Health: 0/20       AC:  2    Str: 15    XL:     3   Next: 94%
Magic:  4/4        EV: 18    Int:  8    God:    Trog [**....]
Gold:   146        SH:  0    Dex: 12    Spells: 2/2 levels left

rFire   . . .      SeeInvis +    c - +1 dagger (venom)
rCold   . . .      Faith    .    (no shield)
rNeg    . . .      Spirit   .    b - +0 animal skin
rPois   .          Reflect  .    (helmet restricted)
rElec   .          Harm     .    (no cloak)
rCorr   .          Rampage  .    (gloves unavailable)
Will    .....      Clarity  +    (boots unavailable)
Stlth   +.........               (no amulet)
HPRegen 0.06/turn                f - ring of flight
MPRegen 0.09/turn                (no ring)

@: weak-willed, flying, very quick
A: very small, no large weapons, unfitting armour, see invisible, speed 3,
clarity, clumsy 1
a: Renounce Religion, Berserk, Trog's Hand


You were on level 3 of the Dungeon.
You worshipped Trog.
Trog was pleased with you.
You visited 1 branch of the dungeon, and saw 3 of its levels.

You collected 146 gold pieces.

Inventory:

Hand Weapons
 a - a +0 short sword
 c - a +1 dagger of venom (weapon)
Armour
 b - a +0 animal skin (worn)
Jewellery
 f - a ring of flight (left hand)
Scrolls
 e - a scroll of magic mapping
 g - a scroll of immolation
 h - a scroll of identify
Potions
 d - 2 potions of flight
 i - a potion of resistance
 j - 2 potions of curing


   Skills:
 + Level 3.0 Fighting
 + Level 4.1 Short Blades
 + Level 4.9 Dodging


You had 2 spell levels left.
You didn't know any spells.
Your spell library was empty.

Dungeon Overview and Level Annotations

Branches:
Dungeon (3/15)

Altars:


Innate Abilities, Weirdness & Mutations

You are very small and have problems with some larger weapons.
You are too small for most types of armour.
You have supernaturally acute eyesight. (SInv)
You cover ground extremely quickly. (Speed+++)
You possess an exceptional clarity of mind.
You are clumsy. (Dex -2)


Message History

You kill the orc!
Trog accepts your kill.
The orc priest looks encouraged for a moment.
You hit the orc priest.
The orc priest is moderately wounded.
The orc priest closely misses you. The orc barely misses you.
You barely miss the orc priest.
The orc priest is moderately wounded.
You closely miss the orc priest.
The orc priest is moderately wounded.
The orc priest closely misses you. The orc hits you with a +0 dagger.
You hit the orc priest but do no damage.
The orc priest is poisoned.
The orc priest is moderately wounded.
The orc priest hits you with a +0 falchion!
The orc barely misses you.
You are too injured to fight recklessly!
You are too injured to fight recklessly!
You are too injured to fight recklessly!
You are too injured to fight recklessly!
You are too injured to fight recklessly!
You are too injured to fight recklessly!
You are too injured to fight recklessly!
You are too injured to fight recklessly!
You are too injured to fight recklessly!
You are too injured to fight recklessly!
You are too injured to fight recklessly!
You are too injured to fight recklessly!
You are too injured to fight recklessly!
You are too injured to fight recklessly!
You hit the orc priest but do no damage.
The orc priest looks even sicker.
The orc priest is moderately wounded.
The orc priest barely misses you. The orc hits you with a +0 dagger.
You barely miss the orc priest.
The orc priest is heavily wounded.
You barely miss the orc priest.
The orc priest is heavily wounded.
The orc priest hits you with a +0 falchion!
You die...

#.# #.#####
.#. #.....#
### #...
#####.# #..
..... #.#
#.##.....
##.###.#......
#...##......#
#...........##
#...##@o.....#
######)o......
###...### #.##
##


You could see an orc priest (very poisoned) and an orc.

Vanquished Creatures
  2 adders (D:2)
  2 worms (D:2)
  A dart slug (D:1)
  An orc (D:3)
  5 ball pythons
  4 bats
  4 endoplasms
  2 giant cockroaches
  A goblin (D:1)
  5 hobgoblins
  2 quokkas (D:1)
  A frilled lizard (D:1)
  2 kobolds (D:1)
  4 rats
36 creatures vanquished.

Vanquished Creatures (collateral kills)
  A bat (D:2)
1 creature vanquished.

Grand Total: 37 creatures vanquished

Notes
Turn   | Place    | Note
-------+----------+-------------------------------------------
     0 | D:1      | AttackTheMoon the Spriggan Berserker began the quest for
                  | the Orb.
     0 | D:1      | Reached XP level 1. HP: 11/11 MP: 2/2
   190 | D:1      | Reached XP level 2. HP: 16/16 MP: 3/3
   205 | D:1      | You fall into a shaft and drop 1 floor!
   707 | D:2      | Found a faded altar of an unknown god.
   731 | D:2      | Reached XP level 3. HP: 15/19 MP: 4/4
   959 | D:2      | Reached ** piety under Trog
  1293 | D:1      | Gained mutation: You are clumsy. (Dex -2) [potion of
                  | mutation]
  1293 | D:1      | Gained mutation: You possess an exceptional clarity of
                  | mind. [potion of mutation]
  1839 | D:3      | Slain by an orc priest

Illustrated notes

Levels and vault maps discovered:
D:1:      lemuel_arrival_tunnels, layout_rooms
D:2:      layout_rooms, shapermc_ecumenical_altar_notcrosses, st_stairs_2,
          minmay_pentomino_q4
D:3:      minmay_door_path, layout_loops_corners, vehumet_altar_wand_db,
          serial_shops, shop_scrolls, minmay_goblin_kobold_house, uniq_ijyb

Skill      XL: |  1  2  3 |
---------------+----------+-----
Short Blades   | 4 |  4.1
Fighting       | 3 |  3.0
Dodging        | |  4.9

Action                   || total
-------------------------++-------
Melee: Dagger            ||   124
       Punch             ||     1
Invok: Berserk           ||     1
  Use: Scroll            ||     8
       Potion            ||     1
 Stab: Sleeping          ||     2
Armor: Animal skin       ||     9
Dodge: Dodged            ||    87

Table legend: (Time is in decaauts)
 A = Elapsed time spent in this place.
 B = Non-inter-level travel time spent in this place.
 C = Inter-level travel time spent in this place.
 D = Time resting spent in this place.
 E = Time spent auto-exploring this place.
 F = Levels seen in this place.
 G = Mean time per level.
                   A        B        C        D        E       F      G
               +--------+--------+--------+--------+--------+-----+--------+
         Total |   1518 |   1507 |     11 |    129 |   1169 |   3 |  506.0 |
       Dungeon |   1518 |   1507 |     11 |    129 |   1169 |   3 |  506.0 |
               +--------+--------+--------+--------+--------+-----+--------+

Top non-repeatable levels by time:
     D:2: 1036 daAuts
     D:1: 464 daAuts
     D:3: 18 daAuts
